 Dungeon Crawl Stone Soup version 0.18.1-1-g2f07953 (webtiles) character file.

60 st0uf the Covered (level 3, -1/33 HPs)
             Began as a Minotaur Fighter on May 7, 2016.
             Killed from afar by Chiseanne's ghost (4 damage)
             ... with a zap
             ... on level 4 of the Dungeon.
             The game lasted 00:05:04 (1206 turns).

st0uf the Covered (Minotaur Fighter)                Turns: 1206, Time: 00:05:05

Health: -1/33      AC:  7    Str: 20    XL:     3   Next: 80%
Magic:  2/2        EV:  7    Int:  5    God:
Gold:   59         SH:  9    Dex: 10    Spells: 0 memorised, 2 levels left

rFire  . . .     SeeInvis .     a - +0 long sword
rCold  . . .     Gourm    .     b - +0 scale mail
rNeg   . . .     Faith    .     c - +0 shield
rPois  .         Spirit   .     (helmet restricted)
rElec  .         Dismiss  .     (no cloak)
rCorr  .         Reflect  .     (no gloves)
SustAt .         Harm     .     (no boots)
MR     .....                    (no amulet)
Stlth  ..........               (no ring)
                                (no ring)

@: not resistant to hostile enchantments, extremely unstealthy
A: retaliatory headbutt, horns 2
a: no special abilities


You were on level 4 of the Dungeon.
You were not hungry.

You visited 1 branch of the dungeon, and saw 3 of its levels.

You collected 59 gold pieces.

Inventory:

Hand Weapons
 a - a +0 long sword (weapon)
Missiles
 l - 28 stones (quivered)
Armour
 b - a +0 scale mail (worn)
 c - a +0 shield (worn)
Jewellery
 q - an uncursed ring of protection from fire {unknown}
 r - an uncursed ring of ice {unknown}
Scrolls
 e - a scroll of immolation {unknown}
 g - a scroll of enchant armour {unknown}
 i - 3 scrolls of remove curse {unknown}
 k - a scroll of blinking {unknown}
 o - a scroll of amnesia {unknown}
Potions
 d - a potion of might
 h - a potion of curing {unknown}
Books
 p - a book of Geomancy

   Spells                             Type                      Level
   a - Sandblast                      Earth                        1
   b - Passwall                       Transmutation/Earth          2
   c - Stone Arrow                    Conjuration/Earth            3
   d - Petrify                        Transmutation/Earth          4
   e - Lee's Rapid Deconstruction     Earth                        5
Comestibles
 f - a bread ration
 m - a chunk of flesh
 n - a beef jerky


   Skills:
 + Level 4.2 Fighting
 + Level 2.8 Long Blades
 + Level 4.4 Armour
 + Level 4.3 Shields


You had 2 spell levels left.
You didn't know any spells.

Dungeon Overview and Level Annotations

Branches:
Dungeon (2/15)             Temple (0/1) D:4

Altars:

Annotations:
D:4 Chiseanne's ghost, amateur OgAE


Innate Abilities, Weirdness & Mutations

You reflexively headbutt those who attack you in melee.
You have a pair of horns on your head.


Message History

The zap hits you!
* * * LOW HITPOINT WARNING * * *
The zap hits you!
* * * LOW HITPOINT WARNING * * *
You feel sick.
You feel sick.
You feel sick.
Read which item? (? for menu, Esc to quit)
As you read the scroll labeled FOAHES KUZA, it crumbles to dust.
You feel aware of your surroundings.
You sensed 2 altars, and 4 shops/portals.
It was a scroll of magic mapping.
You feel sick.
You feel sick.
You feel sick.
You are no longer poisoned.
Found a scroll labeled NIRCHI WEROMO.
Chiseanne's ghost gestures at you while chanting.
The zap hits you!
You die...

# #.##*,..,,,,,,,,**,,,,,,,,,,
######.##...##****.#,,,,,,,,,,,,,
..........#,,,####.##∩,∩,,,,,,,,,
......#####**,....?.,,,,,,,,*,,,,
.####.# **#....,,∩,∩,,,,*<,,,
...##.#########...,,,,,,,,,,,,,,>
......W..........,*,,,*,,,,,,,,,,
##..###.....###.###,*,*,,,,,,,,,,
##.#####W#.....@.#,,,,,,,,,,,,,,
#..# #.####..#.......,*,,,,,,,
####W####..##..#####....**,,,,,,,
...)....##.W...#,,,,,#..,,,,,,,,,
####.##.####...#.*,,,,,.,,,,,,,,,
#..#............_,>,,*,,,,,,,,
##..W......#.....,,***,,,,,,,,
#..##..#....#...,,*****,,,,,,
#####..........#####*,,,****,,,,,


You could see Chiseanne's ghost.

Vanquished Creatures
  2 adders
  A worm (D:2)
  2 dart slugs (D:1)
  A giant cockroach (D:1)
  5 goblins (D:1)
  2 hobgoblins (D:1)
  3 jackals (D:1)
  A quokka (D:1)
  A ball python (D:2)
  4 bats
  3 giant newts (D:1)
  3 kobolds
  8 rats (D:1)
36 creatures vanquished.

Notes
Turn   | Place    | Note
--------------------------------------------------------------
     0 | D:1      | st0uf the Minotaur Fighter began the quest for the Orb.
     0 | D:1      | Reached XP level 1. HP: 19/19 MP: 0/0
   320 | D:1      | Reached XP level 2. HP: 27/27 MP: 1/1
   586 | D:1      | Reached XP level 3. HP: 32/33 MP: 2/2
  1089 | D:2      | You fall through a shaft for 2 floors!
  1089 | D:4      | Noticed Chiseanne's ghost (amateur OgAE)
  1206 | D:4      | Killed from afar by Chiseanne's ghost

Skill      XL: |  1  2  3 |
---------------+----------+-----
Armour         | 4 |  4.4
Fighting       | 4 |  4.2
Shields        | 4 |  4.3
Long Blades    | |  2.8

Action                   || total
-------------------------++-------
Melee: Long sword        ||    73
       Headbutt          ||    11
  Use: Scroll            ||     1
  Eat: Chunk             ||     1
Armor: Scale mail        ||    47
Dodge: Dodged            ||    32
Block: Shield            ||    37
